 Dungeon Crawl Stone Soup version 0.31-a0-155-gb63f529262 (webtiles) character file.

Game seed: 11935693089316299825

4710 CannotBeFrozen the Carver (level 10, 0/73 HPs)
             Began as a Demigod Warper on June 12, 2023.
             Slain by an acid dragon (7 damage)
             ... on level 8 of the Dungeon.
             The game lasted 00:35:48 (11784 turns).

CannotBeFrozen the Carver (Demigod Warper)         Turns: 11784, Time: 00:35:48

Health: 0/73       AC:  6    Str: 16    XL:     10   Next: 2%
Magic:  17/17      EV: 10    Int: 19    God:
Gold:   419        SH:  0    Dex: 17    Spells: 13/15 levels left

rFire   . . .        a - +3 long sword
rCold   . . .        (no shield)
rNeg    . . .        C - +3 scale mail {rPois}
rPois   +            (no helmet)
rElec   .            D - +0 cloak
rCorr   .            (no gloves)
SInv    .            (no boots)
Will    ++...        (no amulet) Stlth
                     s - ring of flight
HPRegen 0.32/turn    (no ring)
MPRegen 0.15/turn

%: no passive effects
@: corroded, attractive, enlightened, flying
A: high MP 1, forlorn, divine attributes
a: no special abilities


You were on level 8 of the Dungeon.
You visited 2 branches of the dungeon, and saw 9 of its levels.

You collected 419 gold pieces.

Inventory:

Hand Weapons
 a - a +3 long sword (weapon)
 b - a +2 short sword of venom
 u - the +7 spear "Ramoal" {spect, Stlth+}
   (You found it on level 4 of the Dungeon)

   Stlth:     It makes you more stealthy.
Missiles
 d - 7 boomerangs of dispersal {=f=F}
 e - 37 stones
 j - 2 atropa-tipped darts {=f=F}
 H - 9 poisoned darts (quivered)
Armour
 o - a +1 leather armour of cold resistance
 C - a +3 scale mail of poison resistance (worn)
 D - a +0 cloak (worn)
Jewellery
 m - a ring of ice
 s - a ring of flight (left hand)
Wands
 h - a wand of flame (24)
 y - a wand of roots (11)
Scrolls
 c - a scroll of poison
 f - a scroll of identify {@r1}
 r - a scroll of torment
Potions
 i - a potion of magic {unknown}
 l - a potion of invisibility {unknown}
 p - a potion of resistance {unknown}
 q - a potion of curing {@q1}
 t - a potion of lignification {unknown}
 v - 2 potions of brilliance
 w - 2 potions of enlightenment
 x - a potion of berserk rage {unknown}
 B - a potion of attraction
 F - a potion of might {unknown}


   Skills:
 - Level 2.0 Fighting
 + Level 12.7 Long Blades
 - Level 0.8 Throwing
 - Level 2.0 Armour
 - Level 2.0 Dodging
 - Level 3.0 Spellcasting
 - Level 5.0 Translocations


You had 13 spell levels left.
You knew the following spells:

 Your Spells              Type           Power      Damage    Failure   Level
z - Blink                 Tloc           42%        N/A       11%         2

Your spell library contained the following spells:

 Spells                   Type           Power      Damage    Failure   Level
 Lesser Beckoning         Tloc           42%        N/A       11%         2
 Teleport Other           Tloc           21%        N/A       22%         3
 Necrotise                Necr           8%         1d4       50%         1
 Vhi's Electric Charge    Tloc/Air       24%        N/A       52%         3
 Manifold Assault         Tloc           21%        N/A       56%         4
 Vampiric Draining        Necr           2%         2d6       86%         3
 Agony                    Necr           2%         N/A       100%        5


Dungeon Overview and Level Annotations

Branches:
Dungeon (8/15)             Temple (1/1) D:7
   Lair: D:8-11

Shops:
D:3 [   D:8 (

Annotations:
D:5 3 runed translucent doors, Jano's ghost, amateur DjIE; fly's ghost, weakling DgDe
D:7 exclusion: 2 downstairs


Innate Abilities, Weirdness & Mutations

You have an increased reservoir of magic. (+10% MP)
You shall have no god before yourself.
Your divine heritage dramatically boosts your attributes as you level up.


Message History

You hit the acid dragon but do no damage.
The acid dragon is moderately wounded.
The acid dragon bites you.
* * * LOW HITPOINT WARNING * * *
The acid dragon claws you but does no damage.
HP: 32/73 (-2) =====------- You hit the acid dragon but do no damage.
The acid dragon is moderately wounded.
You barely miss the acid dragon.
The acid dragon is moderately wounded.
The acid dragon closely misses you. x2
You closely miss the acid dragon.
The acid dragon is moderately wounded.
The acid dragon spits acid at you. The splash of acid hits you!!
* * * LOW HITPOINT WARNING * * *
The acid corrodes you!
HP: 14/73 (-18) ==---------- !!
You hit the acid dragon but do no damage.
The acid dragon is moderately wounded.
Your +2 short sword of venom stops dripping with poison.
a - a +3 long sword (weapon)
The acid dragon bites you but does no damage.
The acid dragon claws you but does no damage.
You hit the acid dragon but do no damage.
The acid dragon is moderately wounded.
Okay, then.
It was a potion of enlightenment.
You feel more buoyant. The acid dragon barely misses you.
The acid dragon claws you but does no damage.
It was a potion of curing.
You feel better. The acid dragon spits acid at you.
The splash of acid hits you!!
* * * LOW HITPOINT WARNING * * *
HP: 7/73 (-8) =----------- !
It was a potion of attraction.
You feel attractive to monsters. The acid dragon bites you!
You die...

.... #.... #
..... . # .#
...# # ..##
..# ....
..#...### #..#
.#
...#...###...#
.#
#...#.......##
.#
#....D..(...
## #..#@######
#.#...>..../#
#...<#.####.#
####.#.# ..#.#
##.#.. #####


You could see an acid dragon (poisoned, catching breath).

Vanquished Creatures
  Pikel (D:6)
  Grinder (D:6)
  Edmund (D:5)
  A steam dragon (D:8)
  3 water moccasins
  2 orc warriors (D:7)
  2 sky beasts (D:8)
  3 black bears
  An ice beast (D:7)
  3 ogres
  A phantom (D:7)
  A kobold brigand (D:8)
  2 bullfrogs (D:7)
  A gnoll sergeant (D:6)
  A necrophage (D:4)
  A scorpion (D:6)
  14 wights
  5 killer bees (D:7)
  4 howler monkeys
  A crimson imp (D:7)
  A centaur zombie (D:4)
  4 hounds
  A jelly (D:6)
  Crazy Yiuf (D:5)
  A human zombie (D:4)
  An orc priest (D:5)
  Ijyb (D:4)
  3 iguanas
  9 orc wizards
  A hound zombie (D:4)
  3 mummies (D:4)
  11 gnolls
  4 adders
  A white imp (D:7)
  An ufetubus (D:6)
  2 adder zombies (D:4)
  3 worms
  4 dart slugs
  27 orcs
  8 ball pythons
  4 bats
  7 endoplasms
  3 giant cockroaches
  9 goblins
  6 hobgoblins
  7 jackals
  19 kobolds
  4 quokkas
  8 frilled lizards
  A quokka zombie (D:4)
  8 rats
212 creatures vanquished.

Notes
Turn   | Place    | Note
-------+----------+-------------------------------------------
     0 | D:1      | CannotBeFrozen the Demigod Warper began the quest for the
                  | Orb.
     0 | D:1      | Reached XP level 1. HP: 17/17 MP: 5/5
    25 | D:1      | Reached skill level 2 in Long Blades
   216 | D:1      | Reached XP level 2. HP: 24/24 MP: 7/7
   311 | D:1      | Reached skill level 3 in Long Blades
   493 | D:1      | Reached XP level 3. HP: 28/29 MP: 8/8
   526 | D:1      | Learned a level 2 spell: Blink
  1402 | D:2      | Reached skill level 4 in Long Blades
  1998 | D:3      | Reached XP level 4. HP: 27/36 MP: 9/9
  2198 | D:3      | Found Joallido's Antique Armour Boutique.
  2946 | D:4      | Reached skill level 5 in Long Blades
  2946 | D:4      | Reached XP level 5. HP: 18/41 MP: 10/10
  3195 | D:4      | Reached skill level 6 in Long Blades
  3216 | D:4      | Reached XP level 6. HP: 28/48 MP: 11/11
  3323 | D:4      | Reached skill level 1 in Armour
  3409 | D:4      | Found a large runed translucent door.
  3409 | D:4      | Identified the +7 spear "Ramoal" {spect, Stlth+}
  3411 | D:4      | Found a large runed translucent door.
  3414 | D:4      | Noticed Ijyb
  4274 | D:4      | Killed Ijyb
  4357 | D:5      | Entered Level 5 of the Dungeon
  4607 | D:5      | Reached XP level 7. HP: 50/55 MP: 13/13
  5225 | D:5      | Noticed Edmund
  5239 | D:5      | Reached skill level 7 in Long Blades
  5265 | D:5      | Killed Edmund
  5533 | D:5      | Found a runed translucent gate.
  5533 | D:5      | Found a runed translucent gate.
  5533 | D:5      | Found a runed translucent gate.
  5539 | D:5      | Noticed Jano's ghost (amateur DjIE)
  5539 | D:5      | Noticed fly's ghost (weakling DgDe)
  5817 | D:5      | Found a runed translucent door.
  5818 | D:5      | Noticed Crazy Yiuf
  5916 | D:5      | Killed Crazy Yiuf
  6411 | D:6      | Reached skill level 8 in Long Blades
  6527 | D:6      | Noticed Grinder
  6540 | D:6      | Killed Grinder
  6541 | D:6      | Reached XP level 8. HP: 61/61 MP: 14/14
  6725 | D:6      | Reached skill level 9 in Long Blades
  7143 | D:6      | Noticed Pikel
  7165 | D:6      | Killed Pikel
  7166 | D:6      | Reached skill level 10 in Long Blades
  8366 | D:7      | Found a staircase to the Ecumenical Temple.
  8397 | Temple   | Entered the Ecumenical Temple
  8625 | D:7      | Reached XP level 9. HP: 46/67 MP: 14/16
  8958 | D:8      | Found Guhexke's Weapon Shop.
  9010 | D:8      | Reached skill level 5 in Translocations
  9022 | D:8      | Reached skill level 11 in Long Blades
  9224 | D:8      | Identified the +3 arbalest of Zeitunet {speed, *Corrode
                  | rPois Will+}
  9269 | D:8      | Noticed a two-headed ogre
  9305 | D:7      | HP: 3/66 [ogre/+0 giant club (19)]
  9874 | D:7      | Reached skill level 12 in Long Blades
 11474 | D:7      | Reached XP level 10. HP: 43/73 MP: 17/17
 11784 | D:8      | Slain by an acid dragon

Illustrated notes

Levels and vault maps discovered:
D:1:      dpeg_arrival_stonehenge_8_columns, layout_loops_ring,
          dreamdust_princess_bridge, nicolae_wormholes
D:2:      layout_loops_ring, serial_forest, infiniplex_forest_clump_large,
          infiniplex_forest_lined_ring, infiniplex_forest_zigzag_2,
          infiniplex_forest_clump_curved, infiniplex_forest_clump_small,
          infiniplex_forest_straight_1, infiniplex_forest_lined_room_,
          infiniplex_forest_straight_2
D:3:      layout_loops_cross, serial_shops, nicolae_shop_tiny_glass
D:4:      due_chaos_kobolds, layout_cave_pools,
          lemuel_mausoleum_altar_yredelemnul, uniq_ijyb
D:5:      layout_cave_pools, mainiacjoe_overflow_alcove_2,
          gammafunk_ghost_cemetery, minmay_crystal_room, uniq_edmund,
          uniq_crazy_yiuf_cottage
D:6:      kennysheep_spiral_hall, layout_basic,
          mainiacjoe_overflow_catch_the_wave, minmay_misc_feat_hallway,
          uniq_pikel, uniq_grinder
D:7:      layout_gridville, grunt_temple_overflow_lords_of_destruction,
          nicolae_qazlal_beasts_of_the_sky, minmay_temple_entry_large_hall,
          wad_rectangle_vault
D:8:      minmay_the_grid_triangle_9x9_recursive_2
          [minmay_the_grid_triangle_9x9_prize_insulated,
          minmay_the_grid_triangle_9x9_longest,
          minmay_the_grid_triangle_9x9_flanged_cone,
          minmay_the_grid_triangle_9x9_zippers_horizontal], layout_basic,
          grunt_temple_overflow_gold_and_silver, serial_shops, shop
Temple:   hellmonk_temple_micro_hex

Skill      XL: |  1  2  3  4  5  6  7  8  9 |
---------------+----------------------------+-----
Long Blades    | 2 3 4 5 6 8 10 12 | 12.7
Armour         | 2 |  2.0
Fighting       | 2 |  2.0
Dodging        | 2 |  2.0
Spellcasting   | 2 3 |  3.0
Translocations | 4 5 |  5.0
Throwing       | |  0.8

Action                     |  1- 3 |  4- 6 |  7- 9 | 10-12 || total
---------------------------+-------+-------+-------+-------++-------
  Melee: Falchion          |   140 |       |       |       ||   140
         Long sword        |    70 |    62 |   244 |    19 ||   395
         Punch             |     2 |     3 |    16 |       ||    21
         Scimitar          |       |    71 |   123 |       ||   194
         Short sword       |       |    54 |   192 |     7 ||   253
  Throw: Stone             |    23 |    15 |     2 |       ||    40
         Dart              |       |       |    33 |       ||    33
   Cast: Blink             |       |     1 |     7 |       ||     8
  Evoke: Wand              |       |     4 |     6 |       ||    10
    Use: Scroll            |       |     2 |    11 |       ||    13
         Potion            |       |       |     1 |     3 ||     4
   Stab: Paralysed         |       |    15 |     8 |       ||    23
         Sleeping          |       |     3 |       |       ||     3
 Armour: Leather armour    |    56 |    32 |    13 |       ||   101
         Scale mail        |    19 |       |   182 |    16 ||   217
  Dodge: Dodged            |   119 |    96 |   268 |    10 ||   493

Table legend: (Time is in decaauts)
 A = Elapsed time spent in this place.
 B = Non-inter-level travel time spent in this place.
 C = Inter-level travel time spent in this place.
 D = Time resting spent in this place.
 E = Time spent auto-exploring this place.
 F = Levels seen in this place.
 G = Mean time per level.
                   A        B        C        D        E       F      G
               +--------+--------+--------+--------+--------+-----+--------+
         Total |  11691 |  11316 |    375 |   4238 |   4272 |   9 | 1299.0 |
       Dungeon |  11497 |  11122 |    375 |   4047 |   4272 |   8 | 1437.1 |
        Temple |    193 |    193 |      0 |    191 |      0 |   1 |  193.0 |
               +--------+--------+--------+--------+--------+-----+--------+

Top non-repeatable levels by time:
     D:7: 2392 daAuts
     D:6: 2378 daAuts
     D:4: 1643 daAuts
     D:5: 1608 daAuts
     D:3: 996 daAuts
     D:1: 961 daAuts
     D:2: 936 daAuts
     D:8: 579 daAuts
  Temple: 193 daAuts
